 Dungeon Crawl Stone Soup version 0.19-a0-944-gb338e1e (webtiles) character file.

133 Implojin the Ruffian (level 4, -1/44 HPs)
             Began as a Troll Fighter on July 9, 2016.
             Slain by an orc
             ... wielding a +0 flail
              (8 damage)
             ... on level 5 of the Dungeon.
             The game lasted 00:02:04 (463 turns).

Implojin the Ruffian (Troll Fighter)                 Turns: 463, Time: 00:02:05

Health: -1/44      AC:  7    Str: 29    XL:     4   Next: 93%
Magic:  3/3        EV:  8    Int:  4    God:
Gold:   22         SH:  9    Dex: 10    Spells: 0 memorised, 3 levels left

rFire  . . .     SeeInvis .       - Unarmed
rCold  . . .     Gourm    +     l - +2 animal skin
rNeg   . . .     Faith    .     b - +0 shield
rPois  .         Spirit   .     (helmet restricted)
rElec  .         Dismiss  .     (no cloak)
rCorr  .         Reflect  .     (gloves unavailable)
SustAt .         Harm     .     (boots unavailable)
MR     .....                    (no amulet)
Stlth  +.........               (no ring)
                                (no ring)

@: mighty, lethally poisoned (-1 -> -1), not resistant to hostile enchantments,
very unstealthy
A: unfitting armour, claws 3, fast metabolism 3, gourmand, regeneration 2,
shaggy fur 1, tough skin 2
a: no special abilities


You were on level 5 of the Dungeon.
You were very full.

You visited 1 branch of the dungeon, and saw 5 of its levels.

You collected 22 gold pieces.

Inventory:

Armour
 a - a +0 robe
 b - a +0 shield (worn)
 l - a +2 animal skin (worn)
Scrolls
 e - 3 scrolls of magic mapping {unknown}
 f - a scroll of teleportation {unknown}
 h - a scroll of remove curse {unknown}
 j - a scroll of blinking {unknown}
 k - a scroll of amnesia {unknown}
 m - 2 scrolls of enchant armour {unknown}
Potions
 n - 2 potions of degeneration {unknown}
Comestibles
 d - 3 bread rations
 g - a meat ration
 i - 5 chunks of flesh


   Skills:
 - Level 2.4 Fighting
 - Level 2.4 Dodging
 - Level 2.4 Shields
 * Level 5.2 Unarmed Combat


You had 3 spell levels left.
You didn't know any spells.

Dungeon Overview and Level Annotations

Branches:
Dungeon (5/15)
 Temple: D:4-7

Altars:
Nemelex Xobeh
Qazlal


Innate Abilities, Weirdness & Mutations

You are too large for most types of armour.
You have claws for hands.
Your metabolism is lightning-fast.
You like to eat raw meat.
You heal very quickly.
You are covered in fur. (AC +1)
You have very tough skin. (AC +2)


Message History

The dart slug bites you but does no damage.
An orc priest comes into view. It is wielding a whip.
You claw the dart slug!
You kill the dart slug!
The orc priest mumbles some strange prayers to Beogh against you.
Beogh smites you!
The orc priest miscasts a cantrip.
Your shield prevents you from hitting the orc wizard.
You block the orc wizard's attack.
You barely miss the orc wizard. The adder bites you but does no damage.
The orc priest invokes the aid of Beogh against you.
Pain shoots through your body!
* * * LOW HITPOINT WARNING * * *
You scratch the orc wizard.
The orc wizard is heavily wounded.
The adder bites you but does no damage.
Unknown command.
You feel very mighty all of a sudden.
The orc wizard gestures wildly while chanting.
The orc wizard seems to speed up.
The adder barely misses you. You block the orc's attack.
The orc priest calls down the wrath of Beogh upon you.
Beogh smites you!
* * * LOW HITPOINT WARNING * * *
You claw the orc wizard!
You kill the orc wizard!
Your Unarmed Combat skill increases to level 5!
The adder barely misses you. The orc hits you but does no damage.
You block the adder's attack.
You closely miss the adder. The adder bites you but does no damage.
The orc closely misses you.
Unknown command.
You barely miss the adder. The adder bites you.
* * * LOW HITPOINT WARNING * * *
You are poisoned.
The adder poisons you!
Unknown command.
You barely miss the adder.
You feel sick. The adder barely misses you. You block the adder's attack.
The orc hits you with a flail!
You die...

#.......#
#.......#
#.......#
...?...
......
#...#
#..##
#oS# #@o#
#..# #..#
#..# ..##
##. . #


You could see an orc priest, an adder and an orc.

Vanquished Creatures
  An orc priest (D:4)
  2 orc wizards
  Robin (D:3)
  A worm (D:3)
  A dart slug (D:5)
  An orc (D:4)
  A giant cockroach (D:2)
  7 goblins
  3 hobgoblins (D:3)
  3 jackals (D:3)
  A quokka (D:3)
  2 ball pythons
  2 bats (D:2)
  A giant newt (D:2)
  2 kobolds (D:3)
  2 rats (D:2)
31 creatures vanquished.

Notes
Turn   | Place    | Note
-------+----------+-------------------------------------------
     0 | D:1      | Implojin the Troll Fighter began the quest for the Orb.
     0 | D:1      | Reached XP level 1. HP: 22/22 MP: 0/0
   178 | D:2      | Found a stormy altar of Qazlal.
   179 | D:2      | Noticed a fire elemental
   181 | D:2      | Noticed an earth elemental
   181 | D:2      | Noticed an air elemental
   181 | D:2      | Noticed a water elemental
   185 | D:2      | Reached XP level 2. HP: 29/29 MP: 1/1
   243 | D:3      | Reached skill level 3 in Unarmed Combat
   315 | D:3      | Noticed Robin
   330 | D:3      | Killed Robin
   330 | D:3      | Reached XP level 3. HP: 33/36 MP: 2/2
   407 | D:4      | Reached skill level 4 in Unarmed Combat
   407 | D:4      | Reached XP level 4. HP: 40/44 MP: 3/3
   436 | D:4      | Found a sparkling altar of Nemelex Xobeh.
   450 | D:5      | Entered Level 5 of the Dungeon
   460 | D:5      | Reached skill level 5 in Unarmed Combat
   463 | D:5      | Slain by an orc

Vault maps used:
D:1:      co_arrival_square_in_a_square_in_a_square
D:2:      nicolae_qazlal_style_of_elements, lemuel_zombie_altar_kikubaaqudgha,
          serial_bayou_lagoon_a
D:3:      first_bread, minivault_24, uniq_terence, uniq_jessica, uniq_robin
D:4:      minitemple, nemelex_spade_bored_becter
D:5:      tgw_sif, basic_altar

Skill      XL: |  1  2  3  4 |
---------------+-------------+-----
Unarmed Combat | 3 4 5 |  5.2
Fighting       | |  2.4
Dodging        | |  2.4
Shields        | |  2.4

Action                   |  1- 3 |  4- 6 || total
-------------------------+-------+-------++-------
Melee: Unarmed           |    58 |    12 ||    70
  Use: Potion            |       |     1 ||     1
  Eat: Chunk             |     8 |       ||     8
Armor: Robe              |    22 |       ||    22
       Animal skin       |     1 |     6 ||     7
Dodge: Dodged            |    22 |     4 ||    26
Block: Shield            |    30 |     4 ||    34

Table legend:
 A = Turns spent in this place as a percentage of turns spent in the entire game.
 B = Non-inter-level travel turns spent in this place as a percentage of non-inter-level travel turns spent in the entire game.
 C = Inter-level travel turns spent in this place as a percentage of turns spent in this place.
 D = Turns resting spent in this place as a percentage of non-inter-level travel turns spent in this place.
 E = Turns spent auto-exploring this place as a percentage of non-inter-level travel turns spent in this place.
 F = Non-inter-level travel turns spent in this place divided by the number of levels of this place that you've seen.
                   A       B       C       D       E      F
               +-------+-------+-------+-------+-------+----------------------
         Total | 100.0 | 100.0 |   0.0 |   0.0 |   0.0 |  88.8
       Dungeon | 100.0 | 100.0 |   0.0 |   0.0 |   0.0 |  88.8
               +-------+-------+-------+-------+-------+----------------------

Table legend:
 A = Kills in this place as a percentage of kills in entire the game.
 B = Kills by you in this place as a percentage of kills by you in the entire game.
 C = Kills by friends in this place as a percentage of kills by friends in the entire game.
 D = Other kills in this place as a percentage of other kills in the entire game.
 E = Experience gained in this place as a percentage of experience gained in the entire game.
 F = Experience gained in this place divided by the number of levels of this place that you have seen.
                   A       B       C       D       E      F
               +-------+-------+-------+-------+-------+----------------------
         Total | 100.0 | 100.0 |  -nan |  -nan | 100.0 |  38.0
       Dungeon | 100.0 | 100.0 |  -nan |  -nan | 100.0 |  38.0
               +-------+-------+-------+-------+-------+----------------------
